 Dungeon Crawl Stone Soup version 0.27.1-33-g824d729ab1 (webtiles) character file.

Game seed: 15587026119228434405

88 Atelerd the Digger (level 4, -2/27 HPs)
             Began as an Octopode Earth Elementalist on Dec 21, 2021.
             Slain by an ogre (29 damage)
             ... on level 3 of the Dungeon.
             The game lasted 00:03:20 (2963 turns).

Atelerd the Digger (Octopode Earth Elementalist)    Turns: 2963, Time: 00:03:20

Health: -2/27      AC:  1    Str:  7    XL:     4   Next: 54%
Magic:  8/8        EV: 13    Int: 18    God:
Gold:   74         SH:  0    Dex: 12    Spells: 8/9 levels left

rFire    . . .     SeeInvis .   g - +0 short sword
rCold    . . .     Faith    .   (no shield)
rNeg     . . .     Spirit   .   (helmet restricted)
rPois    .         Reflect  .   (no amulet)
rElec    .         Harm     .   (no ring)
rCorr    .         Rampage  .   (no ring)
Will     .....                  (no ring)
Stlth    +++.......             (no ring)
HPRegen  0.09/turn              (no ring)
MPRegen  0.11/turn              (no ring)
                                (no ring)
                                (no ring)

@: no status effects
A: almost no armour, amphibious, 8 rings, camouflage 1, gelatinous body 1,
(nimble swimmer 1), tentacles
a: no special abilities


You were on level 3 of the Dungeon.
You visited 1 branch of the dungeon, and saw 3 of its levels.

You collected 74 gold pieces.

Inventory:

Hand Weapons
 g - a +0 short sword (weapon)
Missiles
 i - 23 stones
Scrolls
 b - a scroll of enchant armour {unknown}
 c - a scroll of amnesia {unknown}
 d - 2 scrolls of teleportation {unknown}
 e - 6 scrolls of identify {unknown}
 j - a scroll of magic mapping {unknown}
Potions
 a - a potion of curing {unknown}
 f - a potion of cancellation {unknown}
 h - 2 potions of degeneration {unknown}


   Skills:
 - Level 2.0 Dodging
 - Level 2.6 Stealth
 + Level 3.1 Spellcasting
 - Level 2.0 Transmutations
 + Level 4.0 Earth Magic


You had 8 spell levels left.
You knew the following spells:

 Your Spells              Type           Power      Damage    Failure   Level
a - Sandblast             Erth           34%        2d9       3%          1

Your spell library contained the following spells:

 Spells                   Type           Power      Damage    Failure   Level
 Passwall                 Tmut/Erth      10%        N/A       7%          2
 Stone Arrow              Conj/Erth      20%        3d8       22%         3
 Slow                     Hex            2%         N/A       24%         2
 Static Discharge         Conj/Air       2%         N/A       24%         2
 Confusing Touch          Hex            2%         N/A       43%         3
 Vampiric Draining        Necr           1%         2d6       43%         3
 Petrify                  Tmut/Erth      13%        N/A       43%         4
 Lightning Bolt           Conj/Air       1%         1d12      99%         5
 Maxwell's Capacitive Co  Air            1%         ∞         100%        8


Dungeon Overview and Level Annotations

Branches:
Dungeon (2/15)

Altars:
Uskayaw


Innate Abilities, Weirdness & Mutations

You cannot wear most types of armour.
You are amphibious.
You can wear up to eight rings at the same time.
Your skin changes colour to match your surroundings (Stealth+).
Your rubbery body absorbs attacks. (AC +1, EV +1)
((You are camouflaged near water. (Stealth+)))
You have tentacles for arms and can constrict up to eight enemies at once.


Message History

No target in view!
No target in view!
You see here a hobgoblin corpse.
A ball python comes into view.
A ball python is nearby!
A ball python is nearby!
A ball python is nearby!
A ball python is nearby!
A ball python is nearby!
The ball python barely misses you. The ball python closely misses you.
The ball python bites you. The ball python barely misses you.
A ball python is nearby!
You completely miss the ball python. Your grab misses the ball python.
The ball python barely misses you. The ball python grabs you.
The ball python constricts you.
You closely miss the ball python. Your grab misses the ball python.
Your squeeze misses the ball python. The ball python barely misses you.
The ball python constricts you.
A ball python is nearby!
You barely miss the ball python. You grab the ball python.
You constrict the ball python. The ball python completely misses you.
The ball python constricts you. The ball python barely misses you.
The ball python constricts you.
A ball python is nearby!
You hit the ball python.
You kill the ball python!
HP restored.
An ogre comes into view. It is wielding a +0 giant club.
An ogre is nearby!
The ogre shouts!
An ogre is nearby!
An ogre is nearby!
An orc comes into view. It is wielding a +0 trident.
There are monsters nearby!
The orc shouts!
You hit the ogre. You squeeze the ogre.
The ogre is lightly wounded.
The ogre hits you with a +0 giant club!!
Ouch! That really hurt!
You die...

##.#.##
##.#.##
##.#.## ##
##.#.## o##
##.#.## #.##
#†#.## ##.#.#
##.#.##
##.#.#
##.#.##
##.#O#
##.#.##
##.#@#
##.#.##
##.#.##
##.#.###.#.##
##.#.#.#.##
##.#.#.##
##.#.## ##.##
###


You could see an ogre and an orc.

Vanquished Creatures
  2 adders (D:2)
  A dart slug (D:2)
  An orc (D:2)
  7 endoplasms (D:1)
  4 giant cockroaches
  2 goblins (D:1)
  10 hobgoblins
  4 jackals (D:1)
  4 quokkas
  6 ball pythons
  4 bats (D:1)
  A frilled lizard (D:2)
  7 kobolds
  7 rats
60 creatures vanquished.

Notes
Turn   | Place    | Note
-------+----------+-------------------------------------------
     0 | D:1      | Atelerd the Octopode Earth Elementalist began the quest for
                  | the Orb.
     0 | D:1      | Reached XP level 1. HP: 11/11 MP: 3/3
   130 | D:1      | Reached XP level 2. HP: 15/17 MP: 1/5
   446 | D:1      | Reached XP level 3. HP: 21/21 MP: 4/6
  1308 | D:1      | Found a faded altar of an unknown god.
  1863 | D:2      | Found a hide-covered altar of Uskayaw.
  1898 | D:2      | Reached XP level 4. HP: 7/27 MP: 8/8
  2834 | D:2      | You fall into a shaft and drop 1 floor!
  2864 | D:3      | Reached skill level 4 in Earth Magic
  2958 | D:3      | Noticed an ogre
  2963 | D:3      | Slain by an ogre

Illustrated notes

Levels and vault maps discovered:
D:1:      minmay_arrival_four_loops, layout_loops_ring,
          dreamdust_ecumenical_altar_angels_and_demons, minmay_hexomino_u4
D:2:      layout_basic, basic_altar, serial_corexii_hall,
          corexii_hall_statues_t, corexii_hall_statues_x,
          corexii_hall_statues_deadend, corexii_hall_statues_t, minmay_rat_hole,
          uniq_jessica
D:3:      minmay_inner_zag, layout_loops_corners, serial_shops, shop,
          gammafunk_ghost_cemetery, amcnicky_mini_corridor_feature

Skill      XL: |  1  2  3  4 |
---------------+-------------+-----
Transmutations | 2 |  2.0
Spellcasting   | 3 |  3.1
Earth Magic    | 4 |  4.0
Dodging        | |  2.0
Stealth        | |  2.6

Action                   |  1- 3 |  4- 6 || total
-------------------------+-------+-------++-------
Melee: Unarmed           |    55 |       ||    55
       Constrict         |    11 |    11 ||    22
       Tentacles         |    11 |     6 ||    17
       Short sword       |    10 |    48 ||    58
 Cast: Sandblast         |    38 |       ||    38
 Stab: Sleeping          |     3 |     8 ||    11
Armor: Skin              |     6 |     3 ||     9
Dodge: Dodged            |    53 |    30 ||    83
